[Event "Team 45 45 League T56"]
[Site "Internet Chess Club"]
[Date "2013.03.05"]
[Round "2"]
[White "Colombiano07"]
[Black "michaelq2d5"]
[Result "1-0"]
[WhiteElo "1839"]
[BlackElo "2119"]
[Opening "QGA: classical, 7...b5"]
[ECO "D28"]
[Time "23:22:00"]
[TimeControl "2700+45"]

1. d4 d5 2. c4 dxc4 3. e3 Nf6 4. Bxc4 e6 5. Nf3 a6 6. O-O c5 7. Qe2 b5 8. Bd3
Nbd7 9. a4 b4 10. b3 Bb7 11. Nbd2 cxd4 12. Nxd4 Bc5 13. Bb2 O-O 14. Rac1 e5 15.
Nf5 Re8 16. Rfd1 Qc7 17. e4 a5 18. Nc4 Re6 19. Bb1 Bc6 20. Rd2 g6 21. Ng3 Qa7
22. Rcd1 h5 23. h3 h4 24. Nf1 Qa6 25. Nfe3 Qb7 26. Nd5 Nh7 27. Qg4 g5 28. Kh1
Qb8 29. f4 exf4 30. Rf1 Be3 31. Ncxe3 fxe3 32. Re2 Ne5 33. Qxe6 fxe6 34. Ne7+
Kg7 35. Nxc6 Qb6 36. Nxe5 Kg8 37. Ng4 e5 38. Bd3 Rf8 39. Bc4+ Kg7 40. Bxe5+ Kg6
41. Rd1 {Black resigns} 1-0

[Event "Team 45 45 League T56"]
[Site "Internet Chess Club"]
[Date "2013.03.04"]
[Round "2"]
[White "Bubacik"]
[Black "Kueh"]
[Result "1-0"]
[WhiteElo "2274"]
[BlackElo "1988"]
[Opening "King's Indian: London system"]
[ECO "A48"]
[Time "04:05:54"]
[TimeControl "2700+45"]

1. Nf3 Nf6 2. d4 g6 3. Bf4 Bg7 4. e3 O-O 5. Bd3 d6 6. O-O Re8 7. Nc3 Bg4 8. h3
Bxf3 9. Qxf3 c6 10. e4 Qb6 11. e5 Nh5 12. Bh2 Qxb2 13. Bc4 d5 14. Bb3 Bh6 15. a4
Nf4 16. Bxf4 Bxf4 17. Rfb1 Qxa1 18. Rxa1 Bh6 19. Ne2 Nd7 20. c4 dxc4 21. Bxc4 e6
22. a5 Rab8 23. Ng3 c5 24. Bb5 Red8 25. Ne4 Bg7 26. Ng5 {Black resigns} 1-0

[Event "Team 45 45 League T56"]
[Site "Internet Chess Club"]
[Date "2013.03.03"]
[Round "2"]
[White "PoisonPawn"]
[Black "PaulaR"]
[Result "1-0"]
[WhiteElo "2128"]
[BlackElo "1589"]
[Opening "French: Winawer, advance variation"]
[ECO "C18"]
[Time "14:30:27"]
[TimeControl "2700+45"]

1. e4 e6 2. d4 d5 3. Nc3 Bb4 4. e5 c5 5. a3 Bxc3+ 6. bxc3 Qa5 7. Bd2 Qa4 8. Nf3
Nc6 9. Bd3 cxd4 10. cxd4 Nxd4 11. O-O Nxf3+ 12. Qxf3 Ne7 13. Rab1 O-O 14. Rb4
Qd7 15. Rh4 Nf5 16. Qh5 h6 17. Rg4 Kh8 18. Bxf5 exf5 19. Rxg7 Kxg7 20. Bxh6+ Kh7
21. Bg5+ {Black resigns} 1-0

[Event "Team 45 45 League T56"]
[Site "Internet Chess Club"]
[Date "2013.03.05"]
[Round "2"]
[White "Burning-Bush"]
[Black "primerpaso"]
[Result "1/2-1/2"]
[WhiteElo "2079"]
[BlackElo "1907"]
[Opening "Benko's opening"]
[ECO "A00"]
[Time "22:00:17"]
[TimeControl "2700+45"]

1. g3 d5 2. Bg2 g6 3. c4 c6 4. cxd5 cxd5 5. d4 Bg7 6. Nc3 Nf6 7. Nf3 O-O 8. Bf4
Nc6 9. O-O h6 10. Qc1 g5 11. Be3 Bf5 12. a3 e6 13. b4 Ng4 14. h3 Nxe3 15. Qxe3
Rc8 16. Rfd1 Qe7 17. Rac1 Rfd8 18. Nh2 Qf6 19. g4 Bg6 20. Nf3 Bf8 21. Qd2 Bd6
22. e3 h5 23. Ne1 Kg7 24. Nd3 hxg4 25. hxg4 Rh8 26. Nc5 b6 27. Nb5 Bh2+ 28. Kf1
bxc5 29. Rxc5 a6 30. Nc3 Bd6 31. Na4 Bxc5 32. Nxc5 Ra8 33. Rc1 Rhc8 34. Qe2 Qd8
35. Qb2 Qb6 36. Kg1 Rc7 37. e4 Rd8 38. exd5 exd5 39. Qd2 Rcc8 40. Bf1 Nb8 41.
Qxg5 Qf6 42. Qd2 Rh8 43. Bg2 Nc6 44. Rd1 Rh4 45. f3 Nb8 46. Re1 Rhh8 47. Re5
Rce8 48. f4 Rxe5 49. dxe5 Qh4 50. f5 Bh7 51. Qe2 Bg8 52. Bxd5 Qg3+ 53. Bg2 Qh2+
54. Kf1 Qf4+ 55. Kg1 Qd4+ 56. Kf1 Qf4+ 57. Kg1 Qd4+ 58. Kf1 Qf4+ {Game drawn by
repetition} 1/2-1/2

[Event "Team 45 45 League T56"]
[Site "Internet Chess Club"]
[Date "2013.02.28"]
[Round "2"]
[White "RedAttack"]
[Black "PopolVuh"]
[Result "0-1"]
[WhiteElo "1840"]
[BlackElo "1915"]
[Opening "French: Tarrasch"]
[ECO "C03"]
[Time "18:00:45"]
[TimeControl "2700+45"]

1. e4 e6 2. d4 d5 3. Nd2 Be7 4. Ngf3 Nf6 5. e5 Nfd7 6. Bd3 c5 7. c3 Nc6 8. Nf1
cxd4 9. cxd4 Qb6 10. Bc2 Bb4+ 11. Ke2 O-O 12. a3 Be7 13. Qd3 f5 14. Ng3 a5 15.
Rd1 a4 16. Kf1 Qa6 17. Ne2 Qxd3 18. Bxd3 Nb6 19. Bg5 Bxg5 20. Nxg5 h6 21. Nf3
Bd7 22. Rac1 Rfc8 23. Rc3 Na5 24. Rdc1 Nbc4 25. R1c2 b5 26. Nc1 Nxb2 27. Rxc8+
Rxc8 28. Rxc8+ Bxc8 29. Bxb5 Nac4 30. Ke2 Nxa3 31. Bd3 Nbc4 32. Nd2 Ba6 33. Na2
Nb5 34. Nxc4 Nxd4+ 35. Kd1 Bxc4 36. Bxc4 dxc4 37. Kd2 Nb5 38. Kc2 Kf8 39. Nb4
Ke7 40. Nc6+ Kd7 41. Na5 c3 42. f4 Kc7 43. h3 Kb6 44. Nc4+ Kc5 45. Na5 Kd4 46.
Nc6+ Ke3 47. g3 a3 48. Nb4 Kf3 49. g4 Kxf4 50. Nd3+ Kg3 51. gxf5 a2 {White
resigns} 0-1

[Event "Team 45 45 League T56"]
[Site "Internet Chess Club"]
[Date "2013.03.02"]
[Round "2"]
[White "AugustoCaruso"]
[Black "chiiwen"]
[Result "0-1"]
[WhiteElo "2189"]
[BlackElo "2134"]
[Opening "Torre attack (Tartakower variation)"]
[ECO "D03"]
[Time "15:13:53"]
[TimeControl "2700+45"]

1. d4 d5 2. Nf3 Nf6 3. Bg5 Ne4 4. Bf4 c6 5. e3 Qb6 6. Qc1 Bf5 7. Be2 Nd7 8. O-O
e6 9. c4 Be7 10. Nc3 O-O 11. Ne5 Nxe5 12. Bxe5 Rfc8 13. c5 Qd8 14. b4 f6 15. Bg3
Nxg3 16. hxg3 a5 17. Na4 axb4 18. Nb6 Rab8 19. Qb2 Rc7 20. Qxb4 Qe8 21. g4 Bg6
22. Qa5 Bd8 23. Qa7 Be7 24. f4 Be4 25. Rad1 e5 26. Bf3 Bxf3 27. Rxf3 exd4 28.
exd4 Bf8 29. Kf2 Re7 30. Rdd3 Re2+ 31. Kg3 h5 32. g5 fxg5 33. fxg5 Qg6 34. Kh3
Qe6+ 35. Kh2 Qg4 36. Rg3 Qh4+ 37. Kg1 Re1+ 38. Kf2 Rbe8 39. Rd2 R1e3 {White
resigns} 0-1

[Event "Team 45 45 League T56"]
[Site "Internet Chess Club"]
[Date "2013.02.28"]
[Round "2"]
[White "f5"]
[Black "Shijith"]
[Result "1/2-1/2"]
[WhiteElo "2019"]
[BlackElo "2029"]
[Opening "French: MacCutcheon, Janowski variation"]
[ECO "C12"]
[Time "21:34:24"]
[TimeControl "2700+45"]

1. e4 e6 2. d4 d5 3. Nc3 Nf6 4. Bg5 Bb4 5. e5 h6 6. Be3 Ne4 7. Qg4 g6 8. a3
Bxc3+ 9. bxc3 c5 10. Bd3 h5 11. Qf4 g5 12. Qf3 Nxc3 13. dxc5 Nc6 14. Qf6 Qxf6
15. exf6 g4 16. Kd2 Na4 17. Bb5 d4 18. Bxa4 dxe3+ 19. Kxe3 Bd7 20. h3 O-O-O 21.
hxg4 hxg4 22. Ne2 Ne5 23. Bxd7+ Nxd7 24. Nc3 Nxf6 25. Nb5 Rxh1 26. Rxh1 Rd5 27.
Rh6 Re5+ 28. Kd4 Rd5+ 29. Kc4 Ne4 30. Nxa7+ Kb8 31. Nb5 Rxc5+ 32. Kd4 Rxb5 33.
Kxe4 Rf5 34. Ke3 Kc7 35. Rh7 Kb6 36. Rg7 Re5+ 37. Kd3 Rd5+ 38. Ke3 f5 39. Re7
Re5+ 40. Kd3 Rd5+ 41. Ke3 Re5+ 42. Kd3 Rd5+ {Game drawn by mutual agreement}
1/2-1/2

[Event "Team 45 45 League T56"]
[Site "Internet Chess Club"]
[Date "2013.03.04"]
[Round "2"]
[White "Barrett-CCSCSL"]
[Black "chess9793"]
[Result "1/2-1/2"]
[WhiteElo "2105"]
[BlackElo "2095"]
[Opening "Sicilian: Smith-Morra gambit"]
[ECO "B21"]
[Time "22:30:37"]
[TimeControl "2700+45"]

1. e4 c5 2. d4 cxd4 3. Qxd4 Nc6 4. Qa4 Nf6 5. Bd3 g6 6. Nf3 Bg7 7. O-O O-O 8.
Re1 d5 9. exd5 Nxd5 10. Qh4 Qb6 11. Na3 e5 12. Nc4 Qc7 13. c3 b5 14. Ne3 Nxe3
15. Bxe3 a6 16. Be4 Bb7 17. Rad1 Rfd8 18. Bd5 Ne7 19. Bxf7+ Kxf7 20. Ng5+ Ke8
21. Ne6 Qc6 22. Rxd8+ Rxd8 23. Nxg7+ Kf7 24. f3 Qf6 25. Bg5 Qxg7 26. Bxe7 Rd2
27. Ba3 g5 28. Qb4 {Game drawn by mutual agreement} 1/2-1/2

[Event "Team 45 45 League T56"]
[Site "Internet Chess Club"]
[Date "2013.03.03"]
[Round "2"]
[White "Rodin7"]
[Black "zeigmata"]
[Result "1/2-1/2"]
[WhiteElo "2066"]
[BlackElo "2203"]
[Opening "Hungarian defense"]
[ECO "C50"]
[Time "15:31:24"]
[TimeControl "2700+45"]

1. e4 e5 2. Nf3 Nc6 3. Bc4 Be7 4. O-O Nf6 5. d4 d6 6. d5 Nb8 7. Nc3 O-O 8. h3
Nbd7 9. Be3 Re8 10. a4 Nf8 11. b4 Ng6 12. Bd3 Bf8 13. b5 Nh5 14. Ne2 h6 15. a5
Qf6 16. a6 b6 17. Ng3 Nhf4 18. Ra3 Bd7 19. Rb3 h5 20. Nxh5 Qd8 21. Nxf4 Nxf4 22.
Bxf4 exf4 23. Re1 g6 24. e5 dxe5 25. Rxe5 Bg7 26. Rxe8+ Bxe8 27. c4 Qf6 28. Qd2
Bd7 29. Rb1 Re8 30. Re1 Rxe1+ 31. Qxe1 Qa1 32. Qxa1 Bxa1 33. Kf1 Kf8 34. Ke2 Ke7
35. Nd2 f5 36. Kf3 g5 37. h4 Bf6 38. hxg5 Bxg5 39. Ke2 Kd6 40. Nf3 Bf6 41. g3
fxg3 42. fxg3 Bb2 43. Nh4 Ke5 44. Kf3 Kf6 45. Ng2 Ke5 46. Nf4 Ba3 47. Ne2 Bd6
48. Nf4 Kd4 49. Bf1 Ke5 50. Ng6+ Kf6 51. Nf4 Ke5 52. Be2 Kf6 53. Nd3 Kg5 54. Bf1
Be8 55. Nf4 Bd7 56. Bh3 Be5 57. Ne6+ Kf6 58. g4 Bxe6 59. dxe6 Kxe6 60. gxf5+ Kd6
61. Ke4 Bf6 62. Bg4 Kc5 63. Be2 Kd6 64. Kf4 Kc5 65. Kg4 Kd6 66. Kh5 Ke7 67. Kg6
Bd4 {Game drawn by mutual agreement} 1/2-1/2

[Event "Team 45 45 League T56"]
[Site "Internet Chess Club"]
[Date "2013.03.04"]
[Round "2"]
[White "Campagnolo"]
[Black "CuatroPrincesas"]
[Result "1/2-1/2"]
[WhiteElo "2078"]
[BlackElo "2143"]
[Opening "King's Indian: 5.Nf3"]
[ECO "E90"]
[Time "15:32:24"]
[TimeControl "2700+45"]

1. Nf3 Nf6 2. c4 g6 3. Nc3 Bg7 4. e4 d6 5. d4 O-O 6. h3 c5 7. Be2 Nc6 8. Be3
cxd4 9. Nxd4 Nxd4 10. Bxd4 Bd7 11. O-O Bc6 12. Bf3 Nd7 13. Rc1 a5 14. b3 Bxd4
15. Qxd4 Qb6 16. Qxb6 Nxb6 17. Nd5 Bxd5 18. cxd5 Rac8 19. Bg4 f5 20. Rxc8 Nxc8
21. exf5 gxf5 22. Bh5 Nb6 23. Re1 Nxd5 {Game drawn by mutual agreement} 1/2-1/2

[Event "Team 45 45 League T56"]
[Site "Internet Chess Club"]
[Date "2013.03.02"]
[Round "2"]
[White "Stryker672"]
[Black "ben622"]
[Result "0-1"]
[WhiteElo "1952"]
[BlackElo "2001"]
[Opening "Alekhine's defense: two pawns' (Lasker's) attack"]
[ECO "B02"]
[Time "20:34:15"]
[TimeControl "2700+45"]

1. e4 Nf6 2. e5 Nd5 3. c4 Nb6 4. c5 Nd5 5. Nf3 d6 6. cxd6 exd6 7. d4 dxe5 8.
dxe5 Bb4+ 9. Bd2 O-O 10. Be2 Nc6 11. a3 Bxd2+ 12. Nbxd2 Nf4 13. O-O Nd4 14. Bc4
b5 15. Nxd4 Qxd4 16. Bxb5 Bb7 17. Nf3 Qb6 18. Bc4 Qg6 19. g3 Qg4 20. Ng5 Qxg5
21. h4 Qg6 22. Re1 Qc6 23. f3 Qxc4 24. gxf4 Qxf4 25. Qe2 Qxf3 26. Qxf3 Bxf3
{White resigns} 0-1

[Event "Team 45 45 League T56"]
[Site "Internet Chess Club"]
[Date "2013.03.05"]
[Round "2"]
[White "moodle"]
[Black "tsia68"]
[Result "0-1"]
[WhiteElo "1419"]
[BlackElo "1764"]
[Opening "French: advance, Euwe variation"]
[ECO "C02"]
[Time "16:01:04"]
[TimeControl "2700+45"]

1. e4 e6 2. d4 d5 3. e5 c5 4. c3 Nc6 5. Nf3 Bd7 6. a3 Rc8 7. Be2 Qb6 8. O-O Nge7
9. b4 cxd4 10. cxd4 Nf5 11. Bb2 Be7 12. b5 Na5 13. a4 Nc4 14. Bc3 O-O 15. Qb3 a6
16. Bd2 axb5 17. Bxc4 dxc4 18. Qb2 b4 19. a5 Qb5 20. Qa2 Bc6 21. Be3 c3 22. Rc1
b3 23. Nxc3 bxa2 24. Nxb5 Bxb5 25. Rxa2 Nxe3 26. Rxc8 Rxc8 27. fxe3 f5 28. exf6
gxf6 29. h4 Rc1+ 30. Kf2 Rf1+ 31. Kg3 Bd6+ 32. Kh3 Bd7 33. Kg4 Kg7 34. e4 f5+
35. exf5 exf5+ 36. Kg5 h6+ 37. Kh5 Be8# {White checkmated} 0-1

[Event "Team 45 45 League T56"]
[Site "Internet Chess Club"]
[Date "2013.03.03"]
[Round "2"]
[White "latayvia"]
[Black "AndyYang2002"]
[Result "1-0"]
[WhiteElo "1810"]
[BlackElo "1496"]
[Opening "KGA: bishop's gambit, Maurian defense"]
[ECO "C33"]
[Time "18:30:25"]
[TimeControl "2700+45"]

1. e4 e5 2. f4 exf4 3. Bc4 Nc6 4. d4 d6 5. Nf3 Nf6 6. Nc3 Be7 7. Bxf4 Be6 8. d5
Bg4 9. dxc6 bxc6 10. O-O O-O 11. e5 dxe5 12. Qxd8 Raxd8 13. Nxe5 Bc5+ 14. Kh1
Rd4 15. Be3 Rxc4 16. Nxc4 Bxe3 17. Nxe3 Be6 18. Rad1 Re8 19. Nf5 Nd5 20. Nxd5
Bxd5 21. Rfe1 Rf8 22. Ne7+ Kh8 23. Nxd5 cxd5 24. Rxd5 g6 25. Rd7 Kg7 26. Rxc7
Rd8 27. Rf1 Kg8 28. h3 Rf8 29. Rxa7 f5 30. c4 Rd8 31. c5 Rd2 32. b4 Kf8 33. c6
Ke8 34. b5 Kd8 35. b6 Rb2 36. Rd1+ Kc8 37. Ra8# {Black checkmated} 1-0

[Event "Team 45 45 League T56"]
[Site "Internet Chess Club"]
[Date "2013.03.03"]
[Round "2"]
[White "ausya"]
[Black "gandre"]
[Result "0-1"]
[WhiteElo "1529"]
[BlackElo "1848"]
[Opening "Caro-Kann: Panov-Botvinnik attack, 5...e6"]
[ECO "B14"]
[Time "10:00:33"]
[TimeControl "2700+45"]

1. e4 c6 2. d4 d5 3. exd5 cxd5 4. c4 Nf6 5. Nc3 e6 6. Nf3 Bb4 7. Bd2 O-O 8. Bd3
dxc4 9. Bxc4 Qc7 10. Bd3 b6 11. a3 Bxc3 12. Bxc3 Ba6 13. O-O Bxd3 14. Qxd3 Nbd7
15. Rac1 Qb7 16. Rfe1 Nd5 17. Rc2 Rac8 18. Rec1 N7f6 19. Bd2 Rxc2 20. Rxc2 Rc8
21. Bg5 h6 22. Bxf6 Nxf6 23. Ne5 Rc7 24. Qb3 Qc8 25. Rxc7 Qxc7 26. Qc3 Nd5 27.
Qxc7 Nxc7 28. Kf1 f6 29. Nc6 a5 30. Ke2 Kf7 31. Kd3 Ke8 32. Kc4 Kd7 33. Na7 h5
34. Nb5 Nd5 35. Nc3 Kc6 36. a4 g5 37. Ne4 g4 38. f3 f5 39. Ng5 Ne3+ 40. Kd3 Nxg2
41. fxg4 hxg4 42. Nxe6 f4 43. Ng5 Kd5 44. h3 g3 45. Nf3 Ne3 46. b3 Nf5 47. h4 g2
48. h5 Nxd4 49. Ng1 f3 50. Ke3 Ke5 51. h6 Kf6 52. Kf2 Kg6 53. Ke3 Kxh6 54. Kf2
Kg5 {White resigns} 0-1

[Event "Team 45 45 League T56"]
[Site "Internet Chess Club"]
[Date "2013.03.02"]
[Round "2"]
[White "globulon"]
[Black "MateMaster"]
[Result "1-0"]
[WhiteElo "1298"]
[BlackElo "1455"]
[Opening "Sicilian: Labourdonnais-Löwenthal variation"]
[ECO "B32"]
[Time "20:00:21"]
[TimeControl "2700+45"]

1. e4 c5 2. Nf3 Nc6 3. d4 cxd4 4. Nxd4 e5 5. Nb3 Nf6 6. Nc3 Bb4 7. Bd3 O-O 8.
Bd2 Bxc3 9. Bxc3 d5 10. exd5 Nxd5 11. Qd2 Be6 12. O-O-O a5 13. Nc5 Nxc3 14. Nxe6
Nxa2+ 15. Kb1 fxe6 16. Kxa2 Qd5+ 17. c4 Qxg2 18. Rdg1 Qxf2 19. Qh6 Qf6 20. Qxh7+
Kf7 21. Rxg7+ Ke8 22. Bg6+ Kd8 23. Rd7+ Kc8 24. Rc7+ Kd8 25. Qd7# {Black
checkmated} 1-0

[Event "Team 45 45 League T56"]
[Site "Internet Chess Club"]
[Date "2013.03.03"]
[Round "2"]
[White "fireball"]
[Black "Goldenberg"]
[Result "0-1"]
[WhiteElo "1778"]
[BlackElo "1624"]
[Opening "Sicilian: Smith-Morra gambit"]
[ECO "B21"]
[Time "17:04:35"]
[TimeControl "2700+45"]

1. e4 c5 2. d4 cxd4 3. c3 dxc3 4. Nxc3 g6 5. Qd4 Nf6 6. e5 Nc6 7. Qf4 Nh5 8. Qe4
Bg7 9. g4 d5 10. Nxd5 Bxg4 11. Nf6+ Nxf6 12. exf6 Qd1# {White checkmated} 0-1

[Event "Team 45 45 League T56"]
[Site "Internet Chess Club"]
[Date "2013.03.02"]
[Round "2"]
[White "iceface"]
[Black "nidusin2"]
[Result "0-1"]
[WhiteElo "1669"]
[BlackElo "1675"]
[Opening "Queen's Indian: Petrosian system"]
[ECO "E12"]
[Time "19:30:06"]
[TimeControl "2700+45"]

1. d4 Nf6 2. c4 e6 3. Nf3 b6 4. a3 a5 5. Bg5 Ba6 6. e3 Be7 7. Nc3 O-O 8. Bd3 d5
9. cxd5 exd5 10. O-O h6 11. Bh4 Bxd3 12. Qxd3 c6 13. Bg3 Nbd7 14. Rac1 Nh5 15.
Ne2 Nxg3 16. Nxg3 c5 17. Rfd1 c4 18. Qf5 Nf6 19. Ne5 Qc8 20. Qf3 Qe6 21. Nf5
Rfe8 22. h4 Bf8 23. g4 Ne4 24. Qf4 g5 25. hxg5 Nxg5 26. Kg2 Kh7 27. Rh1 f6 28.
Rh5 Kg8 29. Ng6 Bg7 30. Rch1 Kh7 31. Ne5 Kg8 32. Nf3 Kf7 33. Nd6+ Ke7 34. Nxe8
Rxe8 35. Nxg5 fxg5 36. Qf5 Qxf5 37. gxf5 Kf6 38. Kf1 b5 39. R5h3 Kxf5 40. Rf3+
Kg6 41. Kg2 g4 42. Rg3 Kg5 43. f4+ Kf5 44. Rh4 b4 45. axb4 axb4 46. Rhxg4 Bf6
47. Kf3 c3 48. bxc3 bxc3 49. Rh3 c2 50. Rh1 Rxe3+ 51. Kxe3 Kxg4 52. Rc1 h5 53.
Rxc2 h4 54. Rc6 Be7 55. Rh6 h3 56. Kd3 Bh4 57. Rg6+ Kxf4 58. Rg1 h2 59. Rh1 Kg3
60. Kc3 Be7 61. Kb3 Kg2 {White resigns} 0-1

[Event "Team 45 45 League T56"]
[Site "Internet Chess Club"]
[Date "2013.03.01"]
[Round "2"]
[White "Insan996"]
[Black "vjbaker"]
[Result "1-0"]
[WhiteElo "1635"]
[BlackElo "1426"]
[Opening "Queen's pawn: Torre attack"]
[ECO "A46"]
[Time "19:03:42"]
[TimeControl "2700+45"]

1. d4 Nf6 2. Nf3 e6 3. Bg5 b6 4. c3 Bb7 5. Nbd2 Be7 6. e3 h6 7. Bxf6 Bxf6 8. Bd3
Nc6 9. e4 d6 10. O-O Qd7 11. Qe2 O-O 12. Rad1 Rad8 13. Rfe1 Rfe8 14. Bb5 a6 15.
Ba4 b5 16. Bc2 d5 17. e5 Be7 18. Qd3 g6 19. h4 h5 20. Nf1 Rc8 21. Ng3 Bd8 22.
Nxh5 gxh5 23. Qh7+ Kf8 24. Qh8+ Ke7 25. Qg7 Rf8 26. Ng5 Ke8 27. Nh7 Qe7 28. Nf6+
Qxf6 29. exf6 Na5 30. f4 Bxf6 31. Qxf6 c5 32. f5 Rc6 33. fxe6 fxe6 34. Bg6+ Kd7
35. Qxf8 cxd4 36. Be8+ Kc7 37. Qe7+ Kb6 38. Bxc6 Nxc6 39. Qxe6 Ka5 40. cxd4 b4
41. Qxd5+ Ka4 42. Qb3+ Kb5 43. d5 Nd4 44. Qd3+ Ka5 45. Qxd4 b3 46. Qc5+ Ka4 47.
Rd4# {Black checkmated} 1-0

[Event "Team 45 45 League T56"]
[Site "Internet Chess Club"]
[Date "2013.03.02"]
[Round "2"]
[White "tyler66"]
[Black "Ajolote"]
[Result "1-0"]
[WhiteElo "1503"]
[BlackElo "1482"]
[Opening "Sicilian defense"]
[ECO "B20"]
[Time "15:00:56"]
[TimeControl "2700+45"]

1. e4 c5 2. d3 Nc6 3. Nf3 d6 4. g3 Nf6 5. Bg2 g6 6. Nbd2 Bg7 7. O-O O-O 8. c3 d5
9. e5 Nd7 10. d4 cxd4 11. cxd4 Nb6 12. Nb3 Bf5 13. Nh4 Be6 14. Nc5 Qc8 15. f4
Bg4 16. Bf3 Bxf3 17. Rxf3 f6 18. Rf1 fxe5 19. fxe5 Rxf1+ 20. Kxf1 Qc7 21. Ne6
Qd7 22. Nxg7 Kxg7 23. Kg2 Rf8 24. Qd2 Qg4 25. Qh6+ Kg8 26. Bg5 Qh5 27. Qxh5 gxh5
28. Rf1 Rxf1 29. Kxf1 e6 30. Nf3 Na4 31. Bc1 Nb4 32. a3 Nd3 33. Bd2 Naxb2 34.
Ng5 Nc4 35. Ke2 Ndb2 36. Bc1 a5 37. Nxe6 Na4 38. Nf4 Nc3+ 39. Kd3 Nb5 40. Nxd5
Ncxa3 41. Nf6+ Kf7 42. Nxh7 a4 43. Ng5+ Ke7 44. d5 Nb1 45. Kc2 N1a3+ 46. Kd3 Nb1
47. d6+ Kd7 48. Kc2 N1a3+ 49. Kd3 Nb1 50. Kc4 N1a3+ 51. Bxa3 Nxa3+ 52. Kb4 Nc2+
53. Kxa4 Ne3 54. Kb5 Ng4 55. Nf3 Ne3 56. Kc5 Ke6 57. Kb6 Nc4+ 58. Kxb7 Nxd6+ 59.
exd6 Kxd6 60. Ng5 Ke5 61. Kc6 Kf5 62. h3 Kxg5 63. Kd5 h4 64. g4 Kf4 65. Kd4 Kg3
66. g5 Kxh3 67. g6 Kh2 68. g7 h3 69. g8=Q Kh1 70. Qd5+ Kg1 71. Qg5+ Kh1 72. Qd5+
Kg1 73. Qg5+ Kh1 74. Qf4 Kg2 75. Ke3 h2 76. Qf2+ Kh3 77. Qf1+ Kg3 78. Qh1 Kh3
79. Kf4 Kh4 80. Qxh2# {Black checkmated} 1-0

[Event "Team 45 45 League T56"]
[Site "Internet Chess Club"]
[Date "2013.03.04"]
[Round "2"]
[White "ScotchYeti"]
[Black "EyeAm"]
[Result "0-1"]
[WhiteElo "1665"]
[BlackElo "1683"]
[Opening "Petrov: modern attack, Trifunovic variation"]
[ECO "C43"]
[Time "14:00:26"]
[TimeControl "2700+45"]

1. e4 e5 2. Nf3 Nf6 3. d4 Nxe4 4. Bd3 d5 5. Nxe5 Bd6 6. O-O O-O 7. c4 Bxe5 8.
dxe5 Nc6 9. cxd5 Qxd5 10. Qc2 Nb4 11. Bxe4 Nxc2 12. Bxd5 Bf5 13. g4 Bxg4 14. Be4
Nxa1 15. Bf4 f5 16. Bd5+ Kh8 17. Rc1 c6 18. Bg2 Rad8 19. Nc3 Nb3 20. axb3 Rfe8
21. b4 Rd4 22. Bg3 f4 23. Bh4 Bf5 24. b5 f3 {White resigns} 0-1

[Event "Team 45 45 League T56"]
[Site "Internet Chess Club"]
[Date "2013.03.03"]
[Round "2"]
[White "ealps"]
[Black "cBishop"]
[Result "0-1"]
[WhiteElo "1546"]
[BlackElo "1657"]
[Opening "Sicilian"]
[ECO "B54"]
[Time "12:04:14"]
[TimeControl "2700+45"]

1. e4 c5 2. Nf3 d6 3. d4 cxd4 4. Nxd4 a6 5. c4 Nf6 6. Nc3 e6 7. Be2 Be7 8. Be3
Nc6 9. O-O O-O 10. a3 Nxd4 11. Qxd4 Bd7 12. h3 Bc6 13. Bf3 Qc7 14. Rfd1 Rac8 15.
Rac1 Nd7 16. Qd2 Ne5 17. Be2 Rfd8 18. f4 Nd7 19. Bf3 Nc5 20. b4 Nb3 21. Qb2 Nxc1
22. Rxc1 Bf6 23. Qf2 Re8 24. f5 exf5 25. Nd5 Bxd5 26. cxd5 Qe7 27. Rxc8 Rxc8 28.
exf5 Rc3 29. Bd4 Bxd4 30. Qxd4 Qe3+ 31. Qxe3 Rxe3 {White resigns} 0-1

[Event "Team 45 45 League T56"]
[Site "Internet Chess Club"]
[Date "2013.03.03"]
[Round "2"]
[White "cepheid"]
[Black "parrot9"]
[Result "1/2-1/2"]
[WhiteElo "1626"]
[BlackElo "1661"]
[Opening "Sicilian: Alapin's variation (2.c3)"]
[ECO "B22"]
[Time "13:00:38"]
[TimeControl "2700+45"]

1. e4 c5 2. c3 Nf6 3. e5 Nd5 4. d4 e6 5. Nf3 cxd4 6. cxd4 Nc6 7. a3 d6 8. Bd3
Be7 9. O-O O-O 10. Qe2 Qb6 11. Qe4 f5 12. exf6 Nxf6 13. Qh4 Qb3 14. Be2 Nd5 15.
Qe4 Nf6 16. Qf4 Nd5 17. Qe4 Nf6 18. Qf4 Nd5 19. Qe4 {Game drawn by repetition}
1/2-1/2

[Event "Team 45 45 League T56"]
[Site "Internet Chess Club"]
[Date "2013.03.01"]
[Round "2"]
[White "Lumumba"]
[Black "Gilguli"]
[Result "1-0"]
[WhiteElo "1513"]
[BlackElo "1359"]
[Opening "Four knights: Scotch, 4...exd4"]
[ECO "C47"]
[Time "15:00:43"]
[TimeControl "2700+45"]

1. e4 e5 2. Nc3 Nc6 3. Nf3 Nf6 4. d4 exd4 5. Nxd4 Nxd4 6. Qxd4 h6 7. Be2 b6 8.
e5 Bc5 9. Qf4 Nh7 10. Bf3 c6 11. Be3 Bxe3 12. Qxe3 Ba6 13. O-O-O Qe7 14. Ne4 O-O
15. Nd6 f6 16. Qa3 Bc8 17. Qb3+ Kh8 18. Bh5 Ng5 19. Rhe1 fxe5 20. Qg3 Qf6 21.
Rxe5 Ba6 22. h4 Ne6 23. Rf5 Qe7 24. Nf7+ Rxf7 25. Rxf7 Qc5 26. Bg6 Nd4 27. Qg4
Bc4 28. Rxd7 Ne2+ 29. Kb1 Nc3+ 30. bxc3 Rf8 31. Bd3 Bf7 32. Qd4 Qa3 33. Rxf7
Rxf7 34. Qe4 g5 35. Qe5+ Rg7 36. Qe8+ Rg8 37. Qd7 Rg7 38. Qe8+ Rg8 39. Qxc6 Qf8
40. Bc4 {Black resigns} 1-0

[Event "Team 45 45 League T56"]
[Site "Internet Chess Club"]
[Date "2013.02.27"]
[Round "2"]
[White "BYOB69"]
[Black "calsal"]
[Result "1-0"]
[WhiteElo "1793"]
[BlackElo "1543"]
[Opening "Queen's pawn: London system"]
[ECO "A45"]
[Time "23:00:56"]
[TimeControl "2700+45"]

1. d4 Nf6 2. Bf4 d5 3. e3 c5 4. c3 Nc6 5. Nd2 Bf5 6. Qb3 Qb6 7. Qxb6 axb6 8. Bb5
e6 9. Ngf3 Be7 10. Ne5 Rc8 11. h3 O-O 12. Ndf3 Rfd8 13. O-O Nxe5 14. Nxe5 Bd6
15. g4 Bg6 16. Nxg6 hxg6 17. Bxd6 Rxd6 18. f3 Rdd8 19. Rfe1 Ne8 20. Rac1 Nd6 21.
Bd3 Ra8 22. a3 Nc4 23. Re2 Na5 24. Rce1 Nc6 25. Kg2 Kf8 26. Kg3 Ke7 27. Bb1 Kf8
28. Rd2 e5 29. dxe5 Nxe5 30. Ba2 c4 31. Bb1 b5 32. Red1 Re8 33. Rxd5 Ra5 34. Be4
Nc6 35. Rd7 Re7 36. R1d6 Ra6 37. Kf4 Rb6 38. Bxc6 bxc6 39. Rd8+ Re8 40. R6d7
Rxd8 41. Rxd8+ Ke7 42. Rg8 c5 43. Rxg7 Rd6 44. Rg8 Rd2 45. Rc8 Rxb2 46. Rxc5 Kd6
47. Rc8 Rb3 48. Rb8 Rxa3 49. Rxb5 Rxc3 50. Ke4 Rc1 51. Kd4 c3 52. Rd5+ Ke6 53.
Rc5 c2 54. Kd3 Rh1 55. Rxc2 Rxh3 56. Ke4 Rh1 57. Rc6+ Kd7 58. Rf6 Ke7 59. g5 Ra1
60. f4 Rf1 61. Ke5 Ra1 62. Rc6 Ra5+ 63. Kd4 Kd7 64. Rc5 Ra1 65. e4 Rd1+ 66. Ke5
Re1 67. Rc4 Rf1 68. Ra4 Rf2 69. Ra7+ Ke8 70. f5 Rg2 71. Kf6 gxf5 72. exf5 Rb2
73. Re7+ Kf8 74. Rxf7+ Ke8 75. Re7+ Kf8 76. g6 Rb6+ 77. Re6 Rb7 78. g7+ Rxg7 79.
Re8+ Kxe8 80. Kxg7 {Black resigns} 1-0